 Dungeon Crawl Stone Soup version 0.17.1-3-g152610e (webtiles) character file.

79 Heskey the Skirmisher (level 4, 0/39 HPs)
             Began as a Draconian Gladiator on Apr 5, 2016.
             Succumbed to an adder's poison
             ... on level 2 of the Dungeon.
             The game lasted 00:01:39 (1367 turns).

Heskey the Skirmisher (Draconian Gladiator)         Turns: 1367, Time: 00:01:39

Health: 0/39       AC:  5    Str: 25    XL:     4   Next: 16%
Magic:  4/4        EV: 13    Int:  9    God:
Gold:   53         SH:  0    Dex: 14    Spells: 0 memorised, 3 levels left

rFire  . . .     SeeInvis .     a - +0 quarterstaff
rCold  . . .     Clarity  .     (armour unavailable)
rNeg   . . .     SustAt   +     (shield currently unavailable)
rPois  .         Gourm    .     b - +0 hat
rElec  .         Spirit   .     (no cloak)
rCorr  .         Warding  .     (no gloves)
rMut   .         Stasis   .     (no boots)
MR     .....                    (no amulet)
Stlth  +.........               p - ring of sustain attributes
                                l - +3 ring of dexterity

@: mighty, lethally poisoned (0 -> -7), not resistant to hostile enchantments,
very unstealthy
A: unfitting armour, strong 1, cold-blooded, AC +5
a: no special abilities


You were on level 2 of the Dungeon.
You were hungry.

You visited 1 branch of the dungeon, and saw 2 of its levels.

You collected 53 gold pieces.

Inventory:

Hand Weapons
 a - a +0 quarterstaff (weapon)
Missiles
 c - 3 throwing nets (quivered)
Armour
 b - a +0 hat (worn)
Jewellery
 l - a +3 ring of dexterity (left hand)
 o - an uncursed amulet of stasis
 p - a ring of sustain attributes (right hand)
Wands
 r - a wand of confusion (17)
Scrolls
 g - 3 scrolls of identify {unknown}
 h - a scroll of recharging {unknown}
 m - a scroll of random uselessness {unknown}
 q - a scroll of remove curse {unknown}
Potions
 j - a potion of resistance {unknown}
 k - a potion of curing {unknown}
 n - a potion of brilliance {unknown}
 s - a potion of haste {unknown}
 t - a potion of cancellation {unknown}
Comestibles
 d - 3 bread rations
 f - 2 meat rations


   Skills:
 * Level 3.6 Fighting
 + Level 3.5 Staves
 - Level 1.7 Throwing
 + Level 3.4 Dodging


You had 3 spell levels left.
You didn't know any spells.

Dungeon Overview and Level Annotations

Branches:
Dungeon (2/15)

Altars:


Innate Abilities, Weirdness & Mutations

Your plain brown scales are hard (AC +5).
Your body does not fit into most forms of armour.
You are cold-blooded and may be slowed by cold attacks.
Your muscles are strong. (Str +2)


Message History

* * * LOW HITPOINT WARNING * * *
The gnoll closely misses you. The gnoll completely misses you.
The gnoll misses you.
The gnoll hits you from afar with a spear.
* * * LOW HITPOINT WARNING * * *
The adder bites you.
* * * LOW HITPOINT WARNING * * *
You are more poisoned.
The adder poisons you!
Drink which item? (? for menu, Esc to quit)
It was a potion of might.
You feel very mighty all of a sudden.
* * * LOW HITPOINT WARNING * * *
You feel sick. The adder misses you. The gnoll barely misses you.
The gnoll closely misses you.
Drink which item? (? for menu, Esc to quit)
It was a potion of beneficial mutation.
You feel stronger.
You feel fantastic!
You die...

########....### #.#
#.....##.#....# #.#
#.....##....#.###.##
#.................##
#.....###.....######
###..g..####..........
#...ggg...###.######## #.#
#S# #.# #.# # #.###@# #.#
#.# # #.†...# #÷###'##
#.##### #.##...##
#.#######.#.....##
#.............^..## #
#.####....####.........####
..............'.........'...
...##.#....####.........##.#
#.#.#..# ##.......###.#


You could see 4 gnolls and an adder.

Vanquished Creatures
  4 adders (D:2)
  3 giant geckos (D:1)
  A ball python (D:2)
  A bat (D:1)
  2 giant cockroaches (D:2)
  8 hobgoblins
  4 jackals (D:1)
  4 giant newts
  6 goblins
  4 kobolds (D:1)
  A rat (D:1)
38 creatures vanquished.

Notes
Turn   | Place    | Note
--------------------------------------------------------------
     0 | D:1      | Heskey the Draconian Gladiator began the quest for the Orb.
     0 | D:1      | Reached XP level 1. HP: 17/17 MP: 1/1
   156 | D:1      | Reached XP level 2. HP: 16/25 MP: 2/2
   584 | D:1      | Reached XP level 3. HP: 29/31 MP: 3/3
  1274 | D:2      | Reached XP level 4. HP: 28/38 MP: 4/4
  1366 | D:2      | HP: 1/39 [poisoned by an adder]
  1367 | D:2      | Gained mutation: Your muscles are strong. (Str +2) [potion of beneficial mutation]
  1367 | D:2      | Succumbed to an adder's poison

Action                   |  1- 3 |  4- 6 || total
-------------------------+-------+-------++-------
Melee: Quarterstaff      |   121 |     6 ||   127
  Use: Potion            |       |     2 ||     2
 Stab: Sleeping          |       |     2 ||     2
  Eat: Chunk             |     1 |       ||     1
